 Dungeon Crawl Stone Soup version 0.29-a0-392-g297d3b089c (webtiles) character file.

Game seed: 6912524831200030011

2844 dolemite99 the Cleaver (level 9, -2/74 HPs)
             Began as a Deep Dwarf Fighter on May 9, 2022.
             Was an Initiate of Elyvilon.
             Slain by a shadow (25 damage)
             ... on level 9 of the Dungeon.
             The game lasted 00:10:17 (8018 turns).

dolemite99 the Cleaver (Deep Dwarf Fighter)         Turns: 8018, Time: 00:10:17

Health: -2/74      AC: 15    Str: 25    XL:     9   Next: 46%
Magic:  5/5        EV: 22    Int:  8    God:    Elyvilon [......]
Gold:   335        SH:  4    Dex: 12    Spells: 8/8 levels left

rFire   . . .      SeeInvis .   a - +0 war axe
rCold   . . .      Faith    .   c - +0 buckler
rNeg    . . .      Spirit   .   t - +0 chain mail
rPois   .          Reflect  .   o - +1 helmet
rElec   .          Harm     .   G - +0 cloak
rCorr   .          Rampage  .   v - +1 pair of gloves
Will    ++...                   p - +0 pair of boots
Stlth   ..........              f - amulet of Kindness {Acrobat Will+ Stlth+}
HPRegen 0.00/turn               (no ring)
MPRegen 0.09/turn               (no ring)

@: acrobatic
A: damage resistance, heal wounds, sense surroundings 2, no regeneration
a: Heal Wounds, Renounce Religion


You were on level 9 of the Dungeon.
You worshipped Elyvilon.
Elyvilon was noncommittal.
You visited 2 branches of the dungeon, and saw 10 of its levels.

You collected 520 gold pieces.
You spent 185 gold pieces at shops.

Inventory:

Hand Weapons
 a - a +0 war axe (weapon)
 b - a +2 war axe of draining
 i - a +0 arbalest
 r - a +2 whip of freezing
 u - a +0 whip
 H - a +2 flail of protection
Missiles
 k - a curare-tipped dart
 C - 28 poisoned darts (quivered)
 D - 2 throwing nets
 J - 11 stones
Armour
 c - a +0 buckler (worn)
 o - a +1 helmet (worn)
 p - a +0 pair of boots (worn)
 t - a +0 chain mail (worn)
 v - a +1 pair of gloves (worn)
 G - a +0 cloak (worn)
Jewellery
 f - the amulet of Kindness (around neck) {Acrobat Will+ Stlth+}
   (You acquired it on level 4 of the Dungeon)

   [amulet of the acrobat]

   It increases your evasion while moving and waiting.
   Will:      It increases your willpower.
   Stlth:     It makes you more stealthy.
Wands
 j - a wand of paralysis (9)
 s - a wand of digging (7)
 y - a wand of iceblast (27)
 A - a wand of flame (25)
 F - a wand of polymorph (10)
Scrolls
 e - 2 scrolls of vulnerability
 m - a scroll of fog
 q - a scroll of teleportation
 I - a scroll of fear {unknown}
 K - a scroll of identify {@r1}
Potions
 d - 5 potions of might
 g - a potion of magic
 h - 3 potions of curing
 l - 2 potions of resistance
 n - 3 potions of lignification
 w - a potion of ambrosia
 x - a potion of berserk rage
 z - a potion of mutation {unknown}
 B - 2 potions of brilliance {unknown}
 E - a potion of invisibility {unknown}
 L - a potion of flight {unknown}


   Skills:
 - Level 2.6 Fighting
 + Level 14.2 Axes
 - Level 3.2 Armour
 - Level 3.2 Shields


You had 8 spell levels left.
You didn't know any spells.
Your spell library contained the following spells:

 Spells                   Type           Power      Damage    Failure   Level
 Summon Small Mammal      Summ           0%         N/A       98%         1
 Ensorcelled Hibernation  Hex/Ice        0%         N/A       99%         2
 Passwall                 Tmut/Erth      0%         N/A       99%         2
 Call Canine Familiar     Summ           0%         N/A       100%        3
 Dazzling Flash           Conj/Hex       0%         N/A       100%        3
 Summon Guardian Golem    Hex/Summ       0%         N/A       100%        3
 Swiftness                Air            0%         N/A       100%        3
 Airstrike                Air            0%         N/A       100%        4
 Summon Lightning Spire   Summ/Air       0%         N/A       100%        4
 Agony                    Necr           0%         N/A       100%        5
 Lightning Bolt           Conj/Air       0%         1d11      100%        5
 Silence                  Hex/Air        0%         N/A       100%        5
 Storm Form               Tmut/Air       0%         N/A       100%        7
 Maxwell's Capacitive Co  Air            0%         ∞         100%        8


Dungeon Overview and Level Annotations

Branches:
Dungeon (9/15)             Temple (1/1) D:5
   Lair: D:8-11         Orc: D:9-12

Altars:
Ashenzari
Cheibriados
Dithmenos
Elyvilon
Fedhas
Gozag
Hepliaklqana
Kikubaaqudgha
Nemelex Xobeh
Okawaru
Qazlal
Ru
Trog
Uskayaw
Vehumet
Wu Jian
Xom
Yredelemnul
Zin
The Shining One

Shops:
D:4 (   D:5 !   D:6 (

Annotations:
D:3 1 runed translucent door, purpskrrrp's ghost, amateur DsTm
D:6 exclusion: statue


Innate Abilities, Weirdness & Mutations

You are resistant to damage.
You can heal yourself by infusing magical energy.
You passively map the area around you.
You do not regenerate.


Message History

Found a stone staircase leading down.
Found a stone staircase leading down.
There are monsters nearby!
There is a stone staircase leading up here.
You climb upwards.
There is a stone staircase leading down here.
There are no items here.
Throw: 28 darts (poison)
Press: ? - help, Q - select action, (/) - cycle Shift-Dir - straight line, f - you
Okay, then.
Search for what [Enter for "axe", or ? for help]? ely
There is an open gate here.
There is a white marble altar of Elyvilon here.
You kneel at the altar of Elyvilon.
Elyvilon welcomes you!
Elyvilon warns you to remove your +2 war axe of draining.
Unknown command.
Press < or > to pray at altars.
There is an open gate here.
b - a +0 war axe (weapon)
Adjust (i)tems, (s)pells, or (a)bilities?
b - a +0 war axe (weapon)
Adjust to which letter? (? for menu, Esc to quit)
a - a +0 war axe (weapon);
b - a +2 war axe of draining
(D) Dungeon (T) Temple
Where to? (Enter - D:8 @ (x,y), ? - help)
What level of the Dungeon? (default 1, ? - help)
There is a stone staircase leading down here.
You climb downwards.
There is a stone staircase leading up here.
Found a barding.
Unknown command.
An orc and a shadow come into view.
The shadow slips into darkness.
The shadow flickers and vanishes!
Deactivating autopickup; reactivate with Ctrl-A.
You hit the orc.
You kill the orc!
The shadow strikes at you from the darkness!
You die... #. ... , ,, * #. #.. , , * #. #.# ** , * * #####. #.# # , * , * #.....###.######.##. , * , #.#**#...........{.. * , #.# #.##.#...o..# ** * #.# #.##.#.###....., ,, #.# #.##>#@# * .oo

* , #.# #.##.#.# ** .
,*, #.# #.##>#.# *
#o#### #.#
#....#.###### #.oo.o
####.#######..........,
*######
#............#.#######*
,, ,
#.##.#######.#.#####* *
** #.##.# #............
, *
#.##.###.......##### ,
*


There were no monsters in sight!

Vanquished Creatures
  A hornet (D:7)
  A wyvern (D:8)
  Sigmund (D:3)
  A steam dragon (D:8)
  A sky beast (D:8)
  An orc warrior (D:8)
  An ice beast (D:8)
  2 black bears
  2 ogres
  A phantom (D:5)
  2 kobold brigands
  2 bullfrogs
  2 scorpions
  3 necrophages
  A howler monkey (D:5)
  8 orc priests
  Crazy Yiuf (D:7)
  2 gnoll shamans (D:6)
  3 hounds
  4 jellies
  3 iguanas (D:6)
  4 orc wizards
  9 gnolls
  4 adders
  A shadow imp (D:7)
  2 white imps
  A worm (D:3)
  4 dart slugs
  21 orcs
  5 ball pythons
  10 endoplasms
  5 giant cockroaches
  2 hobgoblins
  11 kobolds
  3 quokkas
  3 bats
  4 frilled lizards
  4 goblins
  4 rats
140 creatures vanquished.

Vanquished Creatures (others)
  A withered plant (D:3)
1 creature vanquished.

Grand Total: 141 creatures vanquished

Notes
Turn   | Place    | Note
-------+----------+-------------------------------------------
     0 | D:1      | dolemite99 the Deep Dwarf Fighter began the quest for the
                  | Orb.
     0 | D:1      | Reached XP level 1. HP: 20/20 MP: 1/1
   173 | D:1      | Reached skill level 3 in Axes
   173 | D:1      | Reached XP level 2. HP: 22/27 MP: 2/2
   731 | D:2      | Found a hazy altar of Hepliaklqana.
   829 | D:2      | Reached XP level 3. HP: 12/33 MP: 3/3
   847 | D:2      | Reached skill level 4 in Axes
  1657 | D:3      | Found a basalt altar of Yredelemnul.
  1732 | D:3      | Found a sacrificial altar of Ru.
  1747 | D:3      | Found a runed translucent door.
  1811 | D:3      | Noticed Sigmund
  1817 | D:3      | Killed Sigmund
  1818 | D:3      | Reached skill level 6 in Axes
  1818 | D:3      | Reached XP level 4. HP: 40/40 MP: 4/4
  1818 | D:3      | Reached XP level 5. HP: 46/46 MP: 5/5
  2148 | D:3      | Noticed purpskrrrp's ghost (amateur DsTm)
  2202 | D:4      | Found Ezadumic's Antique Weapon Shop.
  2452 | D:4      | Reached skill level 7 in Axes
  2452 | D:4      | Reached XP level 6. HP: 24/55 MP: 6/6
  2737 | D:4      | Identified a scroll of acquirement
  2738 | D:4      | Acquired the amulet of Kindness {Acrobat Will+ Stlth+}
  2756 | D:5      | Entered Level 5 of the Dungeon
  2756 | D:5      | Found Hesekloc's Distillery.
  2759 | D:5      | Bought a potion of might for 56 gold pieces
  2759 | D:5      | Bought a potion of curing for 42 gold pieces
  2759 | D:5      | Bought a potion of curing for 42 gold pieces
  2794 | D:5      | Found an ornate altar of the Wu Jian Council.
  2861 | D:5      | Reached skill level 8 in Axes
  2902 | D:5      | Reached XP level 7. HP: 40/61 MP: 6/6
  2943 | D:5      | Reached skill level 9 in Axes
  3347 | D:5      | Found a staircase to the Ecumenical Temple.
  3469 | D:5      | Reached skill level 10 in Axes
  3526 | D:5      | Reached XP level 8. HP: 38/68 MP: 7/7
  4307 | D:6      | Reached skill level 11 in Axes
  4317 | D:6      | Found Woducs's Weapon Emporium.
  4512 | D:6      | Found a radiant altar of Vehumet.
  4774 | D:7      | Found a runed translucent door.
  4775 | D:7      | Noticed Crazy Yiuf
  5437 | D:6      | Reached skill level 12 in Axes
  6087 | D:7      | Noticed a hornet
  6092 | D:7      | Killed a hornet
  6328 | D:7      | Killed Crazy Yiuf
  6563 | Temple   | Entered the Ecumenical Temple
  6604 | D:6      | Bought a +0 war axe for 45 gold pieces
  6984 | D:8      | Gained mutation: You passively map the area around you.
                  | [Deep Dwarf growth]
  6984 | D:8      | Reached XP level 9. HP: 35/74 MP: 6/6
  7053 | D:8      | Reached skill level 13 in Axes
  7306 | D:8      | Found a blossoming altar of Fedhas.
  7330 | D:8      | Reached skill level 14 in Axes
  7737 | D:8      | Found a glowing golden altar of the Shining One.
  7737 | D:8      | Found a white marble altar of Elyvilon.
  7737 | D:8      | Found a glowing silver altar of Zin.
  7934 | D:8      | Became a worshipper of Elyvilon the Healer
  8018 | D:9      | Slain by a shadow

Illustrated notes

Levels and vault maps discovered:
D:1:      tarquinn_simple_flora_water_b, layout_loops_ring,
          minmay_misc_feat_room, kennysheep_doodads
D:2:      layout_loops_ring, basic_altar
D:3:      layout_basic, mainiacjoe_overflow_boulevard, nicolae_ru_awakened_eye,
          gammafunk_ghost_grave, minmay_misc_feat_tiny, uniq_sigmund
D:4:      layout_rooms, serial_shops, nicolae_shop_trees
D:5:      layout_basic, mainiacjoe_overflow_24_doors, minmay_temple_entry_ruins,
          serial_shops, nicolae_stop_n_shop_1, minmay_misc_feat_rugged,
          minmay_misc_feat_five, minmay_misc_feat_secret_circle,
          due_unseen_surprise
D:6:      layout_basic, vehumet_statue, serial_shops, nicolae_shop_behind_doors,
          minmay_misc_feat_iff, roderic_lattice_a, kennysheep_another_room
D:7:      layout_rooms, uniq_crazy_yiuf_cottage
D:8:      layout_gridville, good_gods_mini_temple, lemuel_crystal_altar,
          tgw_sif, kennysheep_generic_room_13
D:9:      layout_loops_ring, makhleb_altar_promises_db,
          beargit_hepliaklqana_dungeon_heroes, orc_0_dummy, serial_shops, shop
Temple:   minmay_temple_curvy_loop

Skill      XL: |  1  2  3  4  5  6  7  8  9 |
---------------+----------------------------+-----
Axes           | 3 6 7 8 10 12 14 | 14.2
Fighting       | |  2.6
Armour         | |  3.2
Shields        | |  3.2

Action                   |  1- 3 |  4- 6 |  7- 9 || total
-------------------------+-------+-------+-------++-------
Melee: War axe           |    87 |    89 |   208 ||   384
Throw: Dart              |       |       |    20 ||    20
 Abil: Heal Wounds       |       |     2 |     7 ||     9
  Use: Scroll            |     9 |     2 |     9 ||    20
       Potion            |     2 |       |     2 ||     4
Armor: Scale mail        |    36 |    46 |    10 ||    92
       Chain mail        |       |       |    95 ||    95
Dodge: Dodged            |    51 |    35 |    93 ||   179
Block: Buckler           |    15 |    18 |    56 ||    89

Table legend: (Time is in decaauts)
 A = Elapsed time spent in this place.
 B = Non-inter-level travel time spent in this place.
 C = Inter-level travel time spent in this place.
 D = Time resting spent in this place.
 E = Time spent auto-exploring this place.
 F = Levels seen in this place.
 G = Mean time per level.
                   A        B        C        D        E       F      G
               +--------+--------+--------+--------+--------+-----+--------+
         Total |   8064 |   7412 |    652 |   1775 |   4064 |  10 |  806.4 |
       Dungeon |   7833 |   7209 |    624 |   1775 |   3867 |   9 |  870.3 |
        Temple |    231 |    203 |     28 |      0 |    197 |   1 |  231.0 |
               +--------+--------+--------+--------+--------+-----+--------+

Top non-repeatable levels by time:
     D:6: 2151 daAuts
     D:5: 1071 daAuts
     D:8: 927 daAuts
     D:2: 836 daAuts
     D:7: 777 daAuts
     D:3: 710 daAuts
     D:1: 661 daAuts
     D:4: 587 daAuts
  Temple: 231 daAuts
     D:9: 108 daAuts
